AoeStats
← M1nerUA

Arena

503822601Analyzed
3v3 RM · 29d ago on Sep 2, 2026· 19m 46s· 6 players
Game mode
Random Map
Map size
Normal (6 player)
Population
200
Speed
Normal
Resources
Standard
Victory
Conquest
Starting age
Dark Age
Ending age
Imperial Age
RankedLock teamsTeams togetherTeam positionsShared explorationLock speedFull tech treeHidden civsTurbo modeCheats
Victory
Defeat
🇭🇰 Celts · Hong Kong SAR China
725
+10
🇫🇷 Bulgarians · France
687
+12
🇨🇳 Britons · China
685
+12
🇯🇵 Mongols · Japan
597
-11
🇵🇱 Burgundians · Poland
596
-15
🇧🇷 Malay · Brazil
577
-11
M1nerUA
2:01 Wheelbarrow
10:54 Double-Bit Axe
13:50 Feudal Age
14:03 Horse Collar
14:33 Loom
15:58 Heavy Plow
Diego-NA
1:06 Loom
11:44 Feudal Age
12:35 Wheelbarrow
12:50 Double-Bit Axe
16:51 Horse Collar
satoshi.urushiyama
1:09 Loom
13:25 Feudal Age
15:03 Wheelbarrow
15:07 Double-Bit Axe
15:06 Horse Collar
16:32 Gold Mining
18:52 Man-at-Arms
kriber
0:56 Loom
15:52 Feudal Age
17:55 Horse Collar
18:06 Double-Bit Axe
18:53 Gold Mining
18:55 Stone Mining
复兴XES
10:16 Feudal Age
14:33 Castle Age
12:50 Double-Bit Axe
13:10 Stone Mining
15:23 Loom
17:40 Scale Mail Armor
Max
12:39 Feudal Age
16:49 Castle Age
15:54 Double-Bit Axe
16:01 Horse Collar
18:58 Bow Saw
Connection lost

Rejoining the realm…

Still unreachable

The connection could not be restored.

Session expired

The server has moved on; the page needs a fresh start.